 Dungeon Crawl Stone Soup version 0.24-a0-639-gb70a11d811 (webtiles) character file.

Game seed: 673569211503729388, levelgen mode: deterministic

11 Holzbalken the Cudgeler (level 2, -1/22 HPs)
             Began as a Demonspawn Gladiator on Sept 22, 2019.
             Slain by a leopard gecko (4 damage)
             ... on level 1 of the Dungeon.
             The game lasted 00:01:53 (484 turns).

Holzbalken the Cudgeler (Demonspawn Gladiator)       Turns: 484, Time: 00:01:54

Health: -1/22      AC:  4    Str: 14    XL:     2   Next: 17%
Magic:  2/2        EV: 12    Int:  9    God:
Gold:   8          SH:  0    Dex: 14    Spells: 1/1 levels left

rFire    . . .     SeeInvis .   a - +0 flail
rCold    . . .     Gourm    .   (no shield)
rNeg     . . .     Faith    .   b - +0 leather armour
rPois    .         Spirit   .   c - +0 helmet
rElec    .         Reflect  .   (no cloak)
rCorr    .         Harm     .   (no gloves)
MR       .....                  (no boots)
Stlth    +.........             (no amulet)
HPRegen  0.07/turn              (no ring)
MPRegen  0.08/turn              (no ring)

@: lightly drained
A: powered by pain 1
a: no special abilities


You were on level 1 of the Dungeon.
You were not hungry.

You visited 1 branch of the dungeon, and saw 1 of its levels.

You collected 8 gold pieces.

Inventory:

Hand Weapons
 a - a +0 flail (weapon)
Missiles
 d - a throwing net (quivered) {!f}
Armour
 b - a +0 leather armour (worn)
 c - a +0 helmet (worn)
Potions
 g - a potion of haste {unknown}
Comestibles
 e - 3 rations {!d}
 f - 2 chunks of flesh


   Skills:
 - Level 2.0(1.8) Fighting
 + Level 3.3(3.2) Maces & Flails
 - Level 1.7(1.6) Throwing
 - Level 2.6(2.5) Dodging


You had one spell level left.
You didn't know any spells.
Your spell library was empty.

Dungeon Overview and Level Annotations

Branches:
Dungeon (1/15)

Altars:


Innate Abilities, Weirdness & Mutations

You sometimes gain a little power by taking damage.


Message History

Throwing (i - inventory)
d - 2 throwing nets (quivered)
{!f}
Aim: a kobold, wielding a +0 club (entangled in a net) Really fire
d - 2 throwing nets {!f}? [Y]es or [N]o only, please.
Really fire
d - 2 throwing nets {!f}? [Y]es or [N]o only, please.
Really fire
d - 2 throwing nets {!f}?
Throwing (i - inventory)
d - 2 throwing nets (quivered)
{!f}
Aim: a bat Really fire
d - 2 throwing nets {!f}?
You throw a throwing net {!f}.
The throwing net {!f} closely misses the bat.
The bat hits you.
The kobold struggles against the net.
The bat closely misses you. The bat misses you.
The kobold struggles against the net.
You see here a scroll labeled DEJUIV DECHU.
You sock the bat!
You kill the bat!
The kobold struggles against the net.
The kobold struggles against the net.
The net rips apart, and the kobold comes free!
Things that are here:
a throwing net {!f}; a bat corpse A leopard gecko and a bat come into view.
The leopard gecko hisses angrily.
The bat barely misses you.
The leopard gecko moves out of view.
Found a cabochon ring.
You thump the bat!
You kill the bat!
The kobold throws a stone.
The stone misses you.
You miss the leopard gecko. The leopard gecko misses you.
You miss the leopard gecko. The leopard gecko bites you. x2
You closely miss the leopard gecko. The leopard gecko barely misses you.
The leopard gecko bites you but does no damage.
You hit the leopard gecko.
The leopard gecko bites you but does no damage.
You barely miss the leopard gecko. The leopard gecko bites you. x2
You closely miss the leopard gecko. The leopard gecko bites you.
You hit the leopard gecko but do no damage.
The leopard gecko bites you.
* * * LOW HITPOINT WARNING * * *
The leopard gecko bites you.
* * * LOW HITPOINT WARNING * * *
You barely miss the leopard gecko. The leopard gecko bites you.
* * * LOW HITPOINT WARNING * * *
You miss the leopard gecko. The leopard gecko bites you.
* * * LOW HITPOINT WARNING * * *
The leopard gecko closely misses you.
You barely miss the leopard gecko. The leopard gecko bites you.
You die...

#.# ## #.# #.#
#.# ... ..##
##.#.###..#
#=..Kl.#..# #
#@#..# . #.
###(?..#
..#.###.###..#
.............#
.............#
# #
##.#........##
##.#.# #
##....>..#
.....# #.
#.#.....#
##.### #.
#.#....##


You could see a leopard gecko and a kobold.

Vanquished Creatures
  An ooze (D:1)
  2 bats (D:1)
  4 kobolds (D:1)
  A frilled lizard (D:1)
  A goblin (D:1)
9 creatures vanquished.

Notes
Turn   | Place    | Note
-------+----------+-------------------------------------------
     0 | D:1      | Holzbalken the Demonspawn Gladiator began the quest for the
                  | Orb.
     0 | D:1      | Reached XP level 1. HP: 16/16 MP: 1/1
    25 | D:1      | Reached skill level 3 in Maces & Flails
   232 | D:1      | Gained mutation: You sometimes gain a little power by
                  | taking damage. [demonic ancestry]
   232 | D:1      | Reached XP level 2. HP: 12/22 MP: 2/2
   484 | D:1      | Slain by a leopard gecko

Levels and vault maps discovered:
D:1:      wander_arrival_fairy_ring, layout_loops_ring, minmay_indecisive_spiral

Skill      XL: |  1 |
---------------+----+-----
Maces & Flails | 3 |  3.3
Fighting       | |  2.0
Throwing       | |  1.7
Dodging        | |  2.6

Action                   || total
-------------------------++-------
Melee: Flail             ||    35
Throw: Throwing net      ||     2
Armor: Leather armour    ||     4
Dodge: Dodged            ||    20

Table legend:
 A = Non-vault XP
 B = Vault XP
 C = Vault XP percentage of total XP
 D = Non-vault monster count
 E = Vault monster count
 F = Vault count percentage of total count
                 A         B        C        D         E       F
            +---------+---------+-------+---------+---------+-------
      Total |      16 |       1 |   5.9 |       8 |       1 |  11.1
            +---------+---------+-------+---------+---------+-------
        D:1 |      16 |       1 |   5.9 |       8 |       1 |  11.1
            +---------+---------+-------+---------+---------+-------
